 Dungeon Crawl Stone Soup version 0.18.1-50-g88ac8fd (webtiles) character file.

18857 Flanowski the Geomancer (level 12, -5/59 HPs)
             Began as a Gargoyle Earth Elementalist on Sept 21, 2016.
             Was a High Priest of Vehumet.
             Slain by Quirk's ghost (23 damage)
             ... on level 2 of the Lair of Beasts.
             The game lasted 00:50:55 (14152 turns).

Flanowski the Geomancer (GrEE)                     Turns: 14152, Time: 00:50:56

Health: -5/59      AC: 15    Str: 12    XL:     12   Next: 62%
Magic:  28/28      EV:  9    Int: 21    God:    Vehumet [*****.]
Gold:   1007       SH:  0    Dex: 12    Spells: 3 memorised, 26 levels left

rFire  . . .     SeeInvis .     i - +2 dagger (venom)
rCold  . . .     Gourm    .     O - +1 robe {MR+}
rNeg   + . .     Faith    .     (no shield)
rPois  ∞         Spirit   .     v - +0 helmet
rElec  +         Dismiss  .     (no cloak)
rCorr  .         Reflect  .     (no gloves)
SustAt .         Harm     .     (no boots)
MR     +....                    w - amulet of magic regeneration
Stlth  ++........               p - +3 ring of protection
                                m - +2 ring of dexterity

@: studying Armour, drained, somewhat resistant to hostile enchantments,
unstealthy
A: negative energy resistance 1, electricity resistance, unbreathing,
petrification resistance, rot immunity, AC +8
a: Renounce Religion


You were on level 2 of the Lair of Beasts.
You worshipped Vehumet.
Vehumet was extremely pleased with you.
You were not hungry.

You visited 4 branches of the dungeon, and saw 15 of its levels.
You also visited: Ossuary.

You collected 1007 gold pieces.

Inventory:

Hand Weapons
 i - a +2 dagger of venom (weapon)
Missiles
 b - 452 stones (quivered)
Armour
 a - a +0 robe
 v - a +0 helmet (worn)
 O - a +1 robe of magic resistance (worn)
Jewellery
 m - a +2 ring of dexterity (left hand)
 p - a +3 ring of protection (right hand)
 w - an amulet of magic regeneration (around neck)
 H - an uncursed amulet of faith
 M - an uncursed ring of resist corrosion
 P - a +6 amulet of reflection
Wands
 u - a wand of polymorph (17/24)
 B - a wand of random effects (24/48)
Scrolls
 e - 3 scrolls of recharging
 g - 5 scrolls of remove curse
 h - a scroll of silence {unknown}
 j - a scroll of teleportation
 y - 2 scrolls of magic mapping
 K - a scroll of enchant armour
Potions
 f - a potion of magic
 o - 3 potions of agility {unknown}
 q - 9 potions of curing {unknown}
 t - 2 potions of berserk rage {unknown}
 x - a potion of haste {unknown}
 A - a potion of invisibility {unknown}
 C - a potion of degeneration {unknown}
 D - 2 potions of lignification {unknown}
 F - a potion of brilliance
 N - a potion of resistance {unknown}
Books
 c - a book of Geomancy

   Spells                             Type                      Level
   a - Sandblast                      Earth                        1
   b - Passwall                       Transmutation/Earth          2
   c - Stone Arrow                    Conjuration/Earth            3
   d - Petrify                        Transmutation/Earth          4
   e - Lee's Rapid Deconstruction     Earth                        5
 z - a book of Transfigurations

   Spells                             Type                      Level
   a - Irradiate                      Conjuration/Transmutation    5
   b - Statue Form                    Transmutation/Earth          6
   c - Hydra Form                     Transmutation                6
   d - Dragon Form                    Transmutation                7
 I - a book of Spatial Translocations

   Spells                             Type                      Level
   a - Apportation                    Translocation                1
   b - Blink                          Translocation                2
   c - Shroud of Golubria             Charms/Translocation         2
   d - Portal Projectile              Translocation                3
   e - Teleport Other                 Translocation                3
   f - Passage of Golubria            Translocation                4
 J - a manual of Armour
Comestibles
 d - 5 bread rations
 k - 8 slices of pizza
 r - 4 meat rations
 E - 4 beef jerkies
 G - 4 fruits


   Skills:
 + Level 5.0(4.7) Dodging
 - Level 2.1(1.9) Stealth
 * Level 12.2(11.9) Spellcasting
 + Level 7.6(7.3) Conjurations
   Level 0.7(0.4) Transmutations
 * Level 14.8(14.4) Earth Magic


You had 26 spell levels left.
You knew the following spells:

 Your Spells              Type           Power        Failure   Level  Hunger
a - Sandblast             Erth           ######       0%          1    None
b - Stone Arrow           Conj/Erth      ######       1%          3    None
c - Lee's Rapid Deconstr  Erth           ######....   1%          5    ####...


Dungeon Overview and Level Annotations

Branches:
Dungeon (10/15)            Temple (1/1) D:7            Lair (2/8) D:10
    Orc (2/2) D:10            Elf (0/3) Orc:2

Altars:
Ashenzari
Cheibriados
Dithmenos
Elyvilon
Fedhas
Gozag
Kikubaaqudgha
Makhleb
Nemelex Xobeh
Okawaru
Pakellas
Qazlal
Ru
Sif Muna
Trog
Vehumet
Xom
Yredelemnul
Zin
The Shining One

Shops:
D:4 !   D:6 [

Annotations:
D:3 baghtru's ghost, amateur HOFi
Lair:2 Erica; Quirk's ghost, journeyman MiFi


Innate Abilities, Weirdness & Mutations

You are resistant to torment.
Your stone body is resilient (AC +8).
You are immune to poison.
You resist negative energy.
You are resistant to electric shocks.
You can survive without breathing.
You are immune to petrification.
You are immune to rotting.


Message History

There is a staircase to the Lair here.
You climb downwards.
Welcome to the Lair of Beasts!
There is a staircase back to the Dungeon here.
(D) Dungeon (T) Temple (L) Lair (O) Orcish Mines (E) Elven Halls
Where to? (Enter - Lair:1, ? - help)
What level of the Lair of Beasts? (default 1, ? - help)
There is a stone staircase leading down here.
You climb downwards.
Level annotation: Erica; Quirk's ghost, journeyman MiFi Quirk's ghost turns its malevolent gaze towards you.
Quirk's ghost is too close now for your liking.
There is a stone staircase leading up here.
Quirk's ghost hits you!!
Ouch! That really hurt!
Quirk's ghost freezes you!
* * * LOW HITPOINT WARNING * * *
There is a stone staircase leading down here.
Quirk's ghost hits you!!
You die...

..##.... . ........ ....
.....#.## ......#.....#.#..
...... ....#.#..#
#.....##P.....# #............#
#.......@### ###### #.
.....#..W..#########P..#. ##..
.##....##....##........#
#.+.+# #.....##.+#.#..######.#
##.....
#.....##..........#.#..
#......
#.....##.....#..#..##W.
#.....##..8..##.......##.#....
#..8..#.....#......#.##......
#.................##.###....#


You could see Quirk's ghost.

Vanquished Creatures
  The ghost of Drunkenshrew the Fighter, a journeyman DsGl of Trog (Orc:1)
  A hydra (Lair:2)
  Erolcha (D:8)
  The ghost of Tyryt0 the Quickloader, a novice CeHu of Qazlal (D:10)
  2 orc high priests (Orc:2)
  A hill giant (D:8)
  A centaur zombie (D:9)
  6 spiny frogs
  The ghost of Tagedieb the Sneak, a novice OpAs of Dithmenos (D:5)
  A komodo dragon (Lair:1)
  A rime drake (Lair:2)
  2 trolls (Orc:1)
  A two-headed ogre (D:9)
  Prince Ribbit (D:5)
  Sigmund (D:6)
  A basilisk (Lair:2)
  A human (D:8)
  Eustachio (D:4)
  16 yaks
  A hippogriff (D:10)
  Menkaure (D:5)
  2 wargs
  3 water moccasins
  A porcupine (Lair:2)
  13 orc warriors
  2 ice beasts
  2 sky beasts
  3 wasps
  A phantom (D:9)
  8 ogres
  5 wolves (Lair:1)
  3 centaurs
  3 crocodiles (Lair:1)
  2 big kobolds (D:8)
  7 giant frogs
  2 scorpions
  4 jellies
  5 killer bees (D:10)
  3 wights (D:6)
  3 howler monkeys
  5 crimson imps
  An iron imp (D:4)
  11 orc priests
  9 hounds
  2 gnoll shamans
  16 orc wizards
  A giant frog skeleton (D:4)
  9 iguanas
  7 hell rats
  2 worker ants
  4 sheep (D:8)
  A hound zombie (D:9)
  2 hound skeletons
  Robin (D:3)
  A worker ant zombie (D:5)
  16 gnolls
  10 river rats
  7 adders
  2 shadow imps
  An ooze (D:1)
  An adder skeleton (D:6)
  2 worms
  3 dart slugs
  5 giant geckos
  54 orcs
  A ball python (D:5)
  7 bats
  4 giant cockroaches
  12 goblins
  7 hobgoblins
  2 jackals (D:6)
  3 quokkas
  A giant gecko skeleton (D:4)
  4 giant newts
  A gnoll zombie (Ossuary)
  A jackal skeleton (D:4)
  3 jackal zombies
  12 kobolds
  A quokka skeleton (D:4)
  5 rats
352 creatures vanquished.

Vanquished Creatures (others)
  A kobold (D:1)
1 creature vanquished.

Grand Total: 353 creatures vanquished

Notes
Turn   | Place    | Note
--------------------------------------------------------------
     0 | D:1      | Flanowski the Gargoyle Earth Elementalist began the quest for the Orb.
     0 | D:1      | Reached XP level 1. HP: 10/10 MP: 3/3
    96 | D:1      | Reached XP level 2. HP: 8/15 MP: 0/5
   429 | D:1      | Reached skill level 4 in Earth Magic
   730 | D:1      | Found a sparkling altar of Nemelex Xobeh.
   803 | D:1      | Reached XP level 3. HP: 17/19 MP: 4/6
  1395 | D:3      | Noticed baghtru's ghost (amateur HOFi)
  1737 | D:3      | Reached XP level 4. HP: 24/24 MP: 6/8
  1823 | D:3      | Learned a level 3 spell: Stone Arrow
  2120 | D:4      | Found Sapp's Distillery.
  2205 | D:4      | Noticed an ogre
  2208 | D:4      | Killed an ogre
  2208 | D:4      | Reached skill level 5 in Earth Magic
  2208 | D:4      | Reached XP level 5. HP: 27/28 MP: 2/10
  2229 | D:4      | Noticed Eustachio
  2362 | D:4      | Killed Eustachio
  2362 | D:4      | Reached skill level 1 in Conjurations
  2362 | D:4      | Reached XP level 6. HP: 30/32 MP: 1/12
  2429 | D:4      | Reached skill level 6 in Earth Magic
  3006 | D:4      | Reached XP level 7. HP: 36/36 MP: 1/13
  3327 | D:4      | Found a shadowy altar of Dithmenos.
  3327 | D:4      | Found an oddly glowing altar of Pakellas.
  3401 | D:4      | Found a burning altar of Makhleb.
  3950 | D:3      | Noticed Robin
  3984 | D:3      | Killed Robin
  4144 | D:5      | Entered Level 5 of the Dungeon
  4145 | D:5      | Found an opulent altar of Gozag.
  4145 | D:5      | Noticed Tagedieb's ghost (novice OpAs)
  4179 | D:5      | Killed Tagedieb's ghost
  4179 | D:5      | Reached skill level 5 in Spellcasting
  4179 | D:5      | Reached skill level 7 in Earth Magic
  4197 | D:5      | Reached XP level 8. HP: 34/41 MP: 0/16
  4258 | D:5      | Noticed Menkaure
  4272 | D:5      | Killed Menkaure
  4401 | D:5      | Found a sand-covered staircase.
  4435 | Ossuary  | Entered an ossuary
  4501 | D:5      | Reached skill level 8 in Earth Magic
  4503 | D:5      | Noticed Prince Ribbit
  4528 | D:5      | Killed Prince Ribbit
  4814 | D:5      | Found an ancient bone altar of Kikubaaqudgha.
  4958 | D:6      | Found Git Xyit's Armour Boutique.
  4973 | D:6      | Found a shimmering altar of Xom.
  5180 | D:6      | Reached XP level 9. HP: 41/45 MP: 5/19
  5201 | D:6      | Reached skill level 9 in Earth Magic
  5285 | D:6      | Noticed Sigmund
  5295 | D:6      | Killed Sigmund
  5357 | D:6      | Found a white marble altar of Elyvilon.
  5799 | D:7      | Found a staircase to the Ecumenical Temple.
  5826 | Temple   | Entered the Ecumenical Temple
  5968 | Temple   | Became a worshipper of Vehumet
  6261 | D:7      | Learned a level 5 spell: Lee's Rapid Deconstruction
  6417 | D:7      | Found an iron altar of Okawaru.
  6442 | D:7      | Found a sacrificial altar of Ru.
  6872 | D:8      | Noticed Erolcha
  6877 | D:8      | Killed Erolcha
  6877 | D:8      | Reached skill level 10 in Earth Magic
  7020 | D:8      | Noticed a hill giant
  7039 | D:8      | Killed a hill giant
  7039 | D:8      | Reached skill level 11 in Earth Magic
  7039 | D:8      | Reached XP level 10. HP: 38/50 MP: 1/22
  7155 | D:8      | Reached skill level 5 in Conjurations
  7318 | D:8      | Reached * piety under Vehumet
  7318 | D:8      | Offered knowledge of Freeze by Vehumet.
  7769 | D:9      | Found a shattered altar of Ashenzari.
  7937 | D:9      | Offered knowledge of Sting by Vehumet.
  8142 | D:9      | Reached skill level 12 in Earth Magic
  8173 | D:9      | Reached ** piety under Vehumet
  8251 | D:9      | Reached XP level 11. HP: 54/54 MP: 4/24
  8252 | D:9      | Reached skill level 10 in Spellcasting
  8428 | D:10     | Entered Level 10 of the Dungeon
  8616 | D:10     | Offered knowledge of Conjure Flame by Vehumet.
  8713 | D:10     | Reached *** piety under Vehumet
  8754 | D:10     | Found a staircase to the Lair.
  8789 | D:10     | Noticed Tyryt0's ghost (novice CeHu)
  8793 | D:10     | Reached skill level 13 in Earth Magic
  9231 | D:10     | Offered knowledge of Mephitic Cloud by Vehumet.
  9448 | D:10     | Killed Tyryt0's ghost
  9555 | D:10     | Found a staircase to the Orcish Mines.
  9645 | Lair:1   | Entered Level 1 of the Lair of Beasts
  9845 | Lair:1   | Noticed Erica
 10922 | Lair:2   | Noticed a six-headed hydra
 10928 | Lair:2   | Killed a six-headed hydra
 10928 | Lair:2   | Reached **** piety under Vehumet
 10935 | Lair:1   | Reached XP level 12. HP: 44/59 MP: 10/27
 11023 | Lair:1   | Offered knowledge of Dazzling Spray by Vehumet.
 11035 | Lair:2   | Reached skill level 14 in Earth Magic
 11169 | Lair:2   | Noticed Quirk's ghost (journeyman MiFi)
 12196 | Orc:1    | Entered Level 1 of the Orcish Mines
 12196 | Orc:1    | Noticed Drunkenshrew's ghost (journeyman DsGl)
 12521 | Orc:1    | Killed Drunkenshrew's ghost
 12521 | Orc:1    | Reached skill level 5 in Dodging
 12875 | Orc:2    | Entered Level 2 of the Orcish Mines
 12875 | Orc:2    | Found a staircase to the Elven Halls.
 13042 | Orc:2    | Reached ***** piety under Vehumet
 13045 | Orc:2    | Offered knowledge of Olgreb's Toxic Radiance by Vehumet.
 13053 | Orc:2    | Noticed an orc high priest
 13055 | Orc:2    | Noticed an orc high priest
 13055 | Orc:2    | Killed an orc high priest
 13057 | Orc:2    | Noticed a soul eater
 13074 | Orc:1    | HP: 2/59 [something/puff of flame (9)]
 13149 | Orc:2    | Killed an orc high priest
 13896 | Orc:2    | Noticed an orc high priest
 14152 | Lair:2   | Slain by Quirk's ghost

Skill      XL: |  1  2  3  4  5  6  7  8  9 10 11 12 |
---------------+-------------------------------------+-----
Earth Magic    | 4 5 6 7 8 11 12 13 14 | 14.8
Spellcasting   | 3 4 5 6 8 9 11 12 | 12.2
Dodging        | 2 3 4 5 |  5.0
Conjurations   | 1 2 3 4 5 6 7 |  7.6
Stealth        | |  2.1
Transmutations | |  0.7

Action                   |  1- 3 |  4- 6 |  7- 9 | 10-12 || total
-------------------------+-------+-------+-------+-------++-------
Melee: Unarmed           |    40 |       |       |       ||    40
       Dagger            |    19 |    22 |    66 |    52 ||   159
 Cast: Sandblast         |    43 |    38 |    28 |     1 ||   110
       Stone Arrow       |       |    27 |   120 |   335 ||   482
       Lee's Rapid Decon |       |       |     4 |    39 ||    43
  Use: Scroll            |     6 |     2 |    10 |     9 ||    27
       Potion            |       |       |     2 |     4 ||     6
 Stab: Sleeping          |     3 |     1 |       |       ||     4
  Eat: Chunk             |     3 |     4 |    14 |    19 ||    40
       Bread ration      |       |     1 |       |     3 ||     4
Armor: Robe              |    16 |    15 |    62 |   122 ||   215
Dodge: Dodged            |    47 |    24 |   109 |   170 ||   350
